 Dungeon Crawl Stone Soup version 0.27-a0-1325-g58a489ad9e (webtiles) character file.

Game seed: 10800062404481926440

160 Mamutox the Skirmisher (level 5, -1/47 HPs)
             Began as a Minotaur Fighter on July 28, 2020.
             Was an Initiate of Okawaru.
             Slain by a gnoll (9 damage)
             ... on level 3 of the Dungeon on June 24, 2021.
             The game lasted 00:13:34 (1957 turns).

Mamutox the Skirmisher (Minotaur Fighter)           Turns: 1957, Time: 00:13:34

Health: -1/47      AC:  7    Str: 21    XL:     5   Next: 17%
Magic:  4/4        EV:  8    Int:  5    God:    Okawaru [......]
Gold:   144        SH:  9    Dex: 10    Spells: 4/4 levels left

rFire    . . .     SeeInvis .   a - +0 war axe
rCold    . . .     Faith    .   c - +0 kite shield
rNeg     . . .     Spirit   .   b - +0 scale mail
rPois    .         Reflect  .   (helmet restricted)
rElec    .         Harm     .   (no cloak)
rCorr    .         Rampage  .   (no gloves)
Will     .....                  (no boots)
Stlth    ..........             (no amulet)
HPRegen  0.15/turn              (no ring)
MPRegen  0.09/turn              (no ring)

@: no status effects
A: horns 2, retaliatory headbutt
a: Renounce Religion


You were on level 3 of the Dungeon.
You worshipped Okawaru.
Okawaru was noncommittal.
You visited 1 branch of the dungeon, and saw 3 of its levels.

You collected 144 gold pieces.

Inventory:

Hand Weapons
 a - a +0 war axe (weapon)
 h - a +1 short sword of flaming
 t - a +1 flail of protection
Missiles
 g - 33 arrows
 p - 83 stones (quivered)
 r - 18 poisoned darts
 u - 2 boomerangs
Armour
 b - a +0 scale mail (worn)
 c - a +0 kite shield (worn)
Jewellery
 f - a ring of positive energy
Scrolls
 j - a scroll of blinking {unknown}
 l - a scroll of removedness
 m - 2 scrolls of teleportation {unknown}
 n - 4 scrolls of identify {unknown}
 o - a scroll of vulnerability {unknown}
 s - a scroll of fog {unknown}
 w - a scroll of torment {unknown}
Potions
 d - 3 potions of might
 e - a potion of lignification {unknown}
 i - a potion of haste {unknown}
 k - a potion of heal wounds {unknown}
 q - 3 potions of resistance {unknown}
 v - a potion of brilliance {unknown}


   Skills:
 + Level 4.6 Fighting
 + Level 3.5 Axes
 + Level 4.5 Armour
 + Level 2.0 Dodging
 + Level 4.5 Shields


You had 4 spell levels left.
You didn't know any spells.
Your spell library was empty.

Dungeon Overview and Level Annotations

Branches:
Dungeon (3/15)

Altars:
Okawaru

Shops:
D:3 (

Annotations:
D:3 1 transporter, sn0wgr3's ghost, amateur GrFi


Innate Abilities, Weirdness & Mutations

You have a pair of horns on your head.
You reflexively headbutt those who attack you in melee.


Message History

You kill the gnoll!
Okawaru accepts your kill.
The kobold throws a poisoned dart.
You block the poisoned dart. You block the gnoll's attack.
An endoplasm comes into view.
Your Dodging skill increases to level 2!
The endoplasm quivers.
You hit the kobold but do no damage.
The kobold is heavily wounded.
You block the gnoll's attack. You block the kobold's attack.
The gnoll hits you but does no damage.
You closely miss the kobold.
The kobold is heavily wounded.
The kobold hits you but does no damage.
The gnoll hits you from afar with a +0 spear.
You block the kobold's attack.
You closely miss the kobold. Your headbutt misses the kobold.
The kobold is heavily wounded.
The gnoll hits you from afar with a +0 spear.
The kobold hits you with a +0 short sword.
You block the gnoll's attack.
You miss the kobold. You headbutt the kobold.
You kill the kobold!
Okawaru accepts your kill. The gnoll hits you but does no damage.
The gnoll hits you with a +1 vorpal flail!
You closely miss the gnoll. The gnoll barely misses you.
The gnoll hits you but does no damage.
The gnoll hits you from afar with a +0 spear.
You hit the gnoll.
The gnoll is moderately wounded.
The gnoll hits you with a +1 vorpal flail!
* * * LOW HITPOINT WARNING * * *
x2 The gnoll hits you from afar with a +0 spear.
* * * LOW HITPOINT WARNING * * *
You block the gnoll's attack. x2
You hit the gnoll. Your headbutt misses the gnoll.
The gnoll is severely wounded.
The gnoll hits you with a +1 vorpal flail!
You die...

#.......# #.#
#.......# #.######
#.......# #......#
#.......# #####.##
##......# #####.#
.. #.....# ##..
#.##### .#.. #.#
....############@#
..........).J.gg.#
........(.########
..........#
........).#
..........#
............#
............#
............#


You could see 2 gnolls and an endoplasm.

Vanquished Creatures
  A hound (D:3)
  2 orc priests (D:3)
  A gnoll (D:3)
  A worm (D:2)
  3 orcs (D:3)
  A removed leopard gecko (D:1)
  4 bats
  2 endoplasms
  3 ghosts (D:1)
  5 giant cockroaches
  5 goblins
  4 hobgoblins
  2 quokkas
  2 ball pythons (D:2)
  3 frilled lizards
  5 kobolds
  7 rats
51 creatures vanquished.

Notes
Turn   | Place    | Note
-------+----------+-------------------------------------------
     0 | D:1      | Mamutox the Minotaur Fighter began the quest for the Orb.
     0 | D:1      | Reached XP level 1. HP: 19/19 MP: 0/0
    66 | D:1      | Upgraded the game from 0.26-a0-455-g0958c023ba to
                  | 0.27-a0-1196-g3e9cee4cb2
   131 | D:1      | Upgraded the game from 0.27-a0-1196-g3e9cee4cb2 to
                  | 0.27-a0-1325-g58a489ad9e
   162 | D:1      | Reached XP level 2. HP: 27/27 MP: 1/1
   260 | D:1      | Found an iron altar of Okawaru.
   277 | D:1      | Became a worshipper of Warmaster Okawaru
   785 | D:2      | Reached XP level 3. HP: 33/33 MP: 2/2
  1303 | D:3      | Found a transporter.
  1308 | D:3      | Noticed sn0wgr3's ghost (amateur GrFi)
  1310 | D:3      | Identified the +2 dire flail of Cowardice {freeze, rF+
                  | Int+3}
  1310 | D:3      | Noticed an ogre
  1403 | D:3      | Reached skill level 1 in Dodging
  1403 | D:3      | Reached XP level 4. HP: 41/41 MP: 3/3
  1669 | D:3      | Reached XP level 5. HP: 47/47 MP: 4/4
  1705 | D:3      | Found Ygreir's Antique Weapon Emporium.
  1957 | D:3      | Slain by a gnoll

Illustrated notes

Levels and vault maps discovered:
D:1:      lordsloth_arrival_two_stooges, layout_rooms, okawaru_ov_weapons_minmay
D:2:      layout_basic
D:3:      layout_basic, chequers_temple_overflow_statue_of_worship,
          gammafunk_ghost_smash, serial_shops, nicolae_diamond_shop,
          minmay_fountain_box, uniq_grinder

Skill      XL: |  1  2  3  4  5 |
---------------+----------------+-----
Fighting       | 4 |  4.6
Shields        | 4 |  4.5
Armour         | 4 |  4.5
Axes           | 3 |  3.5
Dodging        | 1 2 |  2.0

Action                   |  1- 3 |  4- 6 || total
-------------------------+-------+-------++-------
Melee: War axe           |    67 |    40 ||   107
       Headbutt          |     9 |     4 ||    13
Armor: Scale mail        |    29 |    11 ||    40
Dodge: Dodged            |    18 |    21 ||    39
Block: Kite shield       |    34 |    29 ||    63

Table legend: (Time is in decaauts)
 A = Elapsed time spent in this place.
 B = Non-inter-level travel time spent in this place.
 C = Inter-level travel time spent in this place.
 D = Time resting spent in this place.
 E = Time spent auto-exploring this place.
 F = Levels seen in this place.
 G = Mean time per level.
                   A        B        C        D        E       F      G
               +--------+--------+--------+--------+--------+-----+--------+
         Total |   2018 |   2018 |      0 |    212 |   1024 |   3 |  672.7 |
       Dungeon |   2018 |   2018 |      0 |    212 |   1024 |   3 |  672.7 |
               +--------+--------+--------+--------+--------+-----+--------+

Top non-repeatable levels by time:
     D:3: 714 daAuts
     D:2: 705 daAuts
     D:1: 598 daAuts
